AoeStats
← miguelon01

Arena

509714232Analyzed
1v1 RM · 4d ago on Sep 27, 2026· 39m 42s· 2 players
Game mode
Random Map
Map size
Tiny (2 player)
Population
200
Speed
Normal
Resources
Standard
Victory
Conquest
Starting age
Dark Age
Ending age
Imperial Age
RankedLock teamsTeams togetherTeam positionsShared explorationLock speedFull tech treeHidden civsTurbo modeCheats
Victory
Defeat
🇦🇷 Teutons · Argentina
947
+17
🇧🇷 Turks · Brazil
959
-17
shampi16
0:39 Loom
9:17 Feudal Age
10:26 Double-Bit Axe
18:10 Wheelbarrow
23:15 Castle Age
24:41 Bow Saw
24:14 Horse Collar
27:32 Heavy Plow
29:42 Fortified Wall
32:59 Imperial Age
31:34 Stone Mining
34:35 Pikeman
35:17 Squires
37:27 Bloodlines
36:38 Cavalier
37:47 Scale Mail Armor
37:57 Forging
miguelon01
11:43 Feudal Age
14:20 Double-Bit Axe
14:51 Loom
19:51 Horse Collar
20:33 Fletching
25:49 Castle Age
25:39 Bloodlines
26:55 Bodkin Arrow
30:37 Forging
34:49 Gold Mining
36:37 Wheelbarrow
36:15 Bow Saw
Connection lost

Rejoining the realm…

Still unreachable

The connection could not be restored.

Session expired

The server has moved on; the page needs a fresh start.